 Dungeon Crawl Stone Soup version 0.29-a0-214-g17f627cfee (webtiles) character file.

Game seed: 12703902486554502785

74911 siradein the Fighter (level 15, -2/132 HPs)
             Began as a Ghoul Gladiator on Feb 24, 2022.
             Was a Priest of Makhleb.
             Killed from afar by a storm dragon (25 damage)
             ... with a bolt of lightning
             ... on level 13 of the Dungeon.
             The game lasted 01:51:48 (31268 turns).

siradein the Fighter (Ghoul Gladiator)             Turns: 31268, Time: 01:51:48

Health: -2/132     AC: 17    Str: 20    XL:     15   Next: 48%
Magic:  0/22       EV: 16    Int:  7    God:    Makhleb [***...]
Gold:   1220       SH:  6    Dex: 16    Spells: 14/14 levels left

rFire   + . .      SeeInvis .   l - +4 morningstar (freeze)
rCold   + . .      Faith    .   f - +0 buckler
rNeg    + + +      Spirit   +   q - +1 chain mail {rC+}
rPois   ∞          Reflect  .   c - +0 helmet
rElec   .          Harm     .   I - +0 cloak
rCorr   .          Rampage  .   (no gloves)
Will    +....                   e - +0 pair of boots
Stlth   ..........              b - amulet of guardian spirit
HPRegen 0.00/turn               s - +4 ring of evasion
MPRegen 0.18/turn               a - ring of Ceator {Fire Int+4 Slay+5}

@: inhibited regen
A: claws 1, cold resistance 1, negative energy resistance 3, inhibited
regeneration, torment resistance 2
a: Renounce Religion, Minor Destruction, Lesser Servant of Makhleb


You were on level 13 of the Dungeon.
You worshipped Makhleb.
Makhleb was most pleased with you.
You visited 3 branches of the dungeon, and saw 20 of its levels.
You also visited: Volcano.

You collected 1220 gold pieces.

Inventory:

Hand Weapons
 l - a +4 morningstar of freezing (weapon)
 n - a +2 short sword of venom
 V - a +2 fustibalus of flaming
Missiles
 d - 4 throwing nets
 g - 19 boomerangs (quivered)
 w - 18 poisoned darts
 H - 3 curare-tipped darts
 W - 100 stones
 Y - 7 javelins
Armour
 c - a +0 helmet (worn)
 e - a +0 pair of boots (worn)
 f - a +0 buckler (worn)
 q - a +1 chain mail of cold resistance (worn)
 I - a +0 cloak (worn)
 U - +0 fire dragon scales
Jewellery
 a - the ring of Ceator (right claw) {Fire Int+4 Slay+5}
   (You took it off a wight on level 8 of the Dungeon)

   [ring of fire]

   It enhances your fire magic.
   Int:       It affects your intelligence (+4).
   Slay:      It affects your accuracy & damage with ranged weapons and melee
   (+5).
   rF:        It protects you from fire.
   rC:        It makes you vulnerable to cold.
 b - an amulet of guardian spirit (around neck)
 r - an amulet of the acrobat
 s - a +4 ring of evasion (left claw)
 t - a ring of resist corrosion
 v - a ring of wizardry
 y - a ring of protection from fire
 Z - a +6 ring of dexterity
Wands
 o - a wand of mindburst (7)
 p - a wand of paralysis (7)
 C - a wand of iceblast (21)
 J - a wand of charming (2)
 K - a wand of flame (34)
 P - a wand of polymorph (5)
 S - a wand of digging (5)
Scrolls
 i - 3 scrolls of immolation
 k - 2 scrolls of magic mapping {unknown}
 m - 4 scrolls of amnesia {unknown}
 u - 3 scrolls of fear
 x - a scroll of teleportation
 z - 5 scrolls of enchant armour {unknown}
 B - a scroll of silence {unknown}
 D - 2 scrolls of torment
 E - 2 scrolls of enchant weapon {unknown}
 N - 3 scrolls of blinking
 O - a scroll of fog
Potions
 h - 5 potions of heal wounds
 j - 2 potions of attraction {unknown}
 A - 7 potions of curing
 F - 3 potions of flight {unknown}
 G - a potion of resistance {unknown}
 M - 3 potions of brilliance {unknown}
 Q - 6 potions of ambrosia
 T - a potion of haste {unknown}
 X - a potion of invisibility {unknown}
Miscellaneous
 L - a phantom mirror


   Skills:
 + Level 11.8 Fighting
 + Level 10.0 Maces & Flails
 + Level 10.0 Throwing
 + Level 11.8 Armour
 + Level 10.2 Dodging
 + Level 8.0 Shields
 + Level 11.0 Invocations
 + Level 6.5 Evocations


You had 14 spell levels left.
You didn't know any spells.
Your spell library contained the following spells:

 Spells                   Type           Power      Damage    Failure   Level
 Apportation              Tloc           0%         N/A       98%         1
 Magic Dart               Conj           0%         1d3       98%         1
 Shock                    Conj/Air       0%         1d3       98%         1
 Sting                    Tmut/Pois      0%         1d3       98%         1
 Call Imp                 Summ           0%         N/A       99%         2
 Corpse Rot               Necr/Air       0%         N/A       99%         2
 Ensorcelled Hibernation  Hex/Ice        0%         N/A       99%         2
 Passwall                 Tmut/Erth      0%         N/A       99%         2
 Static Discharge         Conj/Air       0%         N/A       99%         2
 Dazzling Flash           Conj/Hex       0%         N/A       100%        3
 Gell's Gravitas          Tloc           0%         N/A       100%        3
 Inner Flame              Hex/Fire       0%         N/A       100%        3
 Lesser Beckoning         Tloc           0%         N/A       100%        3
 Mephitic Cloud           Conj/Pois/Air  0%         N/A       100%        3
 Ozocubu's Armour         Ice            0%         N/A       100%        3
 Swiftness                Air            0%         N/A       100%        3
 Teleport Other           Tloc           0%         N/A       100%        3
 Tukima's Dance           Hex            0%         N/A       100%        3
 Airstrike                Air            0%         N/A       100%        4
 Animate Armour           Summ/Erth      0%         N/A       100%        4
 Dispel Undead            Necr           0%         3d6       100%        4
 Passage of Golubria      Tloc           0%         N/A       100%        4
 Petrify                  Tmut/Erth      0%         N/A       100%        4
 Sticky Flame             Conj/Fire      0%         2d3       100%        4
 Agony                    Necr           0%         N/A       100%        5
 Alistair's Intoxication  Tmut/Pois      0%         N/A       100%        5
 Borgnjor's Vile Clutch   Necr/Erth      0%         N/A       100%        5
 Irradiate                Conj/Tmut      0%         3d13      100%        5
 Lightning Bolt           Conj/Air       0%         1d11      100%        5
 Manifold Assault         Tloc           0%         N/A       100%        5
 Metabolic Englaciation   Hex/Ice        0%         N/A       100%        5
 Silence                  Hex/Air        0%         N/A       100%        5
 Yara's Violent Unravell  Hex/Tmut       0%         3d3       100%        5
 Death Channel            Necr           0%         N/A       100%        6
 Dispersal                Tloc           0%         N/A       100%        6
 Simulacrum               Ice/Necr       0%         N/A       100%        6
 Chain Lightning          Conj/Air       0%         N/A       100%        9
 Sublimation of Blood     Necr           Unusable   N/A       N/A         2
 Spider Form              Tmut/Pois      Unusable   N/A       N/A         3
 Necromutation            Tmut/Necr      Unusable   N/A       N/A         8

Dungeon Overview and Level Annotations

Branches:
Dungeon (13/15)            Temple (1/1) D:4            Lair (6/6) D:8
 Shoals (0/4) Lair:4       Spider (0/4) Lair:2        Slime (0/5) Lair:5
    Orc (0/2) D:9         Volcano (visited)
 Vaults: D:13-14

Altars:
Ashenzari
Cheibriados
Dithmenos
Elyvilon
Fedhas
Gozag
Hepliaklqana
Makhleb
Nemelex Xobeh
Qazlal
Ru
Sif Muna
Trog
Uskayaw
Vehumet
Yredelemnul
Zin
The Shining One
Jiyva

Annotations:
D:9 2 runed translucent doors
Lair:5 2 runed translucent doors, SirDiesAlot's ghost, journeyman MiBe


Innate Abilities, Weirdness & Mutations

You thrive by killing the living.
You are immune to poison.
You have sharp fingernails.
Your flesh is cold resistant. (rC+)
You are immune to negative energy. (rN+++)
You do not regenerate when monsters are visible.
You are immune to unholy pain and torment.


Message History

The deep troll earth mage is moderately wounded.
The deep troll earth mage bites you but does no damage.
The deep troll earth mage misses you.
The deep troll earth mage claws you but does no damage.
The storm dragon breathes lightning at you.
The bolt of lightning misses you. The bolt of lightning hits you!!!
The storm dragon bites you but does no damage.
The storm dragon claws you but does no damage.
The storm dragon tramples you!
You stumble backwards!
The storm dragon breathes lightning at you.
The bolt of lightning misses you. The bolt of lightning hits you!
The bolt of lightning hits the storm dragon.
The storm dragon completely resists.
The deep troll earth mage gestures next to you while chanting.
The wall shatters!
The blast of rock fragments hits you but does no damage.
The deep troll earth mage casts a spell next to the storm dragon.
Some rock shatters into small pieces.
Found a scale mail.
Unknown command.
The deep troll earth mage casts a spell next to you.
The wall shatters!
The blast of rock fragments hits you!
An ice dragon comes into view.
The storm dragon breathes lightning at you.
The bolt of lightning hits you!
The ice dragon roars deafeningly!
You hear a shout!
The deep troll earth mage casts a spell next to you.
The wall shatters!
The blast of rock fragments hits you but does no damage.
A fire giant comes into view.
It is wielding a +0 great sword of flaming.
The ice dragon breathes frost at you. The blast of cold hits you! You resist.
The fire giant hits you with a +0 great sword of flaming!
* * * LOW HITPOINT WARNING * * *
The fire giant burns you.
* * * LOW HITPOINT WARNING * * *
You block the fire giant's attack.
The storm dragon breathes lightning at you.
The bolt of lightning hits you!!
You die...

##..## ####### ..##...T## #.....#
#######
#.##.D##..#######.#.######......
..##..## #.D..##...#.'....'......
.##..##...#......#.#.######......
##..##[.#..#.D##...#.# #......
#..##.. ##..#..#####.# #......
..# . ##..#C....#.# #...... .#
##..##@###.# #...... .
#..##.<....# #...... #
#..##.####'## #...... ## #.)##.##
#..# ######. .##
#..##.#####'###########... #.##
#..##.## #........##.......
##.###..##.#####.................
##..#..##......+.)......##.......
...#..##.#######........##.......


You could see a storm dragon (catching breath), a fire giant, an ice dragon and
a deep troll earth mage.

Vanquished Creatures
  Azrael (D:12)
  A red draconian (Volcano)
  3 hydras
  A two-headed ogre (D:9)
  A centaur warrior (D:13)
  A catoblepas (Lair:6)
  8 death yaks
  A deep troll shaman (Lair:6)
  Urug (D:11)
  A salamander mystic (Volcano)
  8 skeletal warriors
  A lindwurm (Lair:6)
  Pikel (D:8)
  4 salamanders (Volcano)
  A cyclops (D:13)
  2 manticores
  10 black mambas
  17 cane toads
  A torpor snail (Lair:1)
  21 elephants
  3 gargoyles
  2 rime drakes
  An unseen horror (shapeshifter) (D:10)
  12 komodo dragons
  A queen bee (Lair:2)
  A meliai (Lair:2)
  2 trolls
  4 polar bears
  13 blink frogs
  3 hornets
  8 slime creatures
  A snapping turtle (Lair:4)
  9 dream sheep
  6 wraiths
  2 shadows
  4 wyverns
  7 basilisks
  22 yaks
  3 hogs (Lair:6)
  2 steam dragons
  A vampire mosquito (D:10)
  Grum (D:11)
  2 fire elementals
  2 acid dragons
  3 hell hounds
  20 water moccasins
  2 orc warriors (D:8)
  2 sky beasts
  A hornet zombie (D:6)
  An ice beast (D:7)
  A necrophage (D:5)
  5 black bears
  20 wolves
  An ogre (D:5)
  10 centaurs
  A lemure (D:8)
  3 kobold brigands
  17 bullfrogs
  2 scorpions (D:4)
  4 gnoll sergeants
  A wyvern zombie (D:7)
  36 killer bees
  8 wights
  4 howler monkeys
  An electric eel (D:7)
  4 centaur zombies
  A bullfrog zombie (D:5)
  2 hounds
  An orc priest (D:4)
  An iguana (D:7)
  8 orc wizards
  7 hell rats (Lair:6)
  A killer bee zombie (D:5)
  2 hound zombies (D:5)
  2 howler monkey zombies
  9 gnolls
  10 adders
  3 shadow imps
  2 white imps
  An adder skeleton (D:5)
  3 dart slugs
  24 orcs
  3 bats
  5 endoplasms
  8 giant cockroaches
  5 goblins
  12 hobgoblins
  6 jackals
  18 kobolds
  4 quokkas
  6 ball pythons
  4 frilled lizards
  5 rats
497 creatures vanquished.

Vanquished Creatures (collateral kills)
  Kirke (Lair:6)
  Josephine (Lair:5)
  2 hydras
  2 death yaks
  5 skeletal warriors
  Sonja (D:12)
  A salamander (Volcano)
  A gargoyle (D:11)
  4 dream sheep
  A slime creature (D:12)
  A yak (Lair:5)
  2 hogs (Lair:6)
  2 water moccasins (Lair:4)
24 creatures vanquished.

Vanquished Creatures (others)
  89 fungi
  100 plants
189 creatures vanquished.

Grand Total: 710 creatures vanquished

Notes
Turn   | Place    | Note
-------+----------+-------------------------------------------
     0 | D:1      | siradein the Ghoul Gladiator began the quest for the Orb.
     0 | D:1      | Reached XP level 1. HP: 17/17 MP: 0/0
   122 | D:1      | Reached XP level 2. HP: 18/25 MP: 1/1
   570 | D:1      | Found a faded altar of an unknown god.
   729 | D:1      | Reached XP level 3. HP: 30/30 MP: 2/2
  1063 | D:1      | Got the Collected Works on Flying Contamination
  1609 | D:2      | Reached XP level 4. HP: 29/38 MP: 3/3
  3172 | D:3      | You fall into a shaft and drop 2 floors!
  3172 | D:5      | Entered Level 5 of the Dungeon
  3195 | D:5      | Reached XP level 5. HP: 38/45 MP: 4/4
  3404 | D:4      | Reached XP level 6. HP: 52/52 MP: 5/5
  3960 | D:4      | Found a staircase to the Ecumenical Temple.
  4058 | Temple   | Entered the Ecumenical Temple
  4083 | Temple   | Became a worshipper of Makhleb the Destroyer
  4764 | D:5      | Reached XP level 7. HP: 51/60 MP: 6/6
  4771 | D:5      | Reached skill level 1 in Invocations
  5190 | D:5      | Reached * piety under Makhleb
  5603 | D:5      | Reached skill level 5 in Fighting
  6181 | D:6      | Reached XP level 8. HP: 47/68 MP: 8/8
  6701 | D:6      | Noticed a shadow
  7166 | D:6      | Found a sparkling altar of Nemelex Xobeh.
  7176 | D:6      | Reached skill level 5 in Maces & Flails
  7176 | D:6      | Reached skill level 5 in Dodging
  7198 | D:6      | Found a hide-covered altar of Uskayaw.
  7227 | D:6      | Reached skill level 1 in Armour
  7321 | D:7      | Noticed a hornet
  7323 | D:7      | Noticed a wyvern
  7332 | D:6      | Killed a hornet
  7443 | D:7      | Killed a wyvern
  7444 | D:7      | Reached XP level 9. HP: 57/75 MP: 9/11
  7549 | D:7      | Reached skill level 5 in Throwing
  7633 | D:7      | Found a radiant altar of Vehumet.
  7633 | D:7      | Found a snail-covered altar of Cheibriados.
  8500 | D:8      | Reached skill level 5 in Invocations
  8724 | D:8      | Identified the ring of Ceator {Fire Int+4 Slay+5}
  8806 | D:8      | Reached ** piety under Makhleb
  8814 | D:8      | Found a staircase to the Lair.
  9097 | D:8      | Reached XP level 10. HP: 86/86 MP: 13/13
  9237 | D:8      | Reached skill level 5 in Armour
  9431 | D:8      | Reached skill level 1 in Shields
  9751 | D:8      | Noticed Pikel
  9764 | D:8      | Killed Pikel
 10198 | D:9      | Found a staircase to the Orcish Mines.
 10203 | D:9      | Noticed a two-headed ogre
 10257 | D:9      | Killed a two-headed ogre
 10657 | D:9      | Noticed a manticore
 10667 | D:9      | Killed a manticore
 10931 | D:9      | Reached XP level 11. HP: 66/94 MP: 8/14
 11140 | D:9      | Found a large runed translucent door.
 11140 | D:9      | Found a large runed translucent door.
 11687 | D:10     | Entered Level 10 of the Dungeon
 13181 | D:11     | Noticed a skeletal warrior
 13300 | D:11     | Reached *** piety under Makhleb
 13422 | D:11     | Noticed Grum
 13494 | D:11     | Killed Grum
 13606 | D:11     | Noticed Urug
 13844 | Lair:1   | Entered Level 1 of the Lair of Beasts
 14453 | Lair:1   | Reached skill level 1 in Evocations
 14698 | Lair:1   | Reached XP level 12. HP: 86/104 MP: 12/16
 14962 | Lair:2   | Noticed an eight-headed hydra
 16017 | Lair:2   | Found a hole to the Spider Nest.
 16064 | Lair:2   | Reached **** piety under Makhleb
 16175 | Lair:2   | Reached skill level 5 in Shields
 16701 | Lair:2   | Found a hole to the Spider Nest.
 16760 | Lair:2   | Killed an eight-headed hydra
 17073 | Lair:3   | Identified the +3 plate armour of the Harp {Contam Int+5}
 17223 | Lair:3   | Reached XP level 13. HP: 85/113 MP: 16/18
 17358 | Lair:3   | Got Sif Muna's Disquisition on Execration and the Compass
 17360 | Lair:3   | Identified the +0 robe "Zieg" {rC+}
 17407 | Lair:3   | Reached skill level 10 in Fighting
 17900 | Lair:4   | Got the Catalogue of Dusty Moulding
 18326 | Lair:4   | Identified the +9 scimitar "Orb Guardian's Bane" {freeze,
                  | Fly Dex-5 SInv}
 18387 | Lair:4   | Reached skill level 10 in Armour
 18822 | Lair:4   | Found a staircase to the Shoals.
 19650 | Lair:5   | Reached ***** piety under Makhleb
 19699 | Lair:5   | Found a dark tunnel.
 19708 | Volcano  | Entered a volcano
 19734 | Volcano  | Noticed a red draconian
 19755 | Volcano  | Killed a red draconian
 19766 | Volcano  | Reached XP level 14. HP: 63/122 MP: 17/20
 20055 | Volcano  | Reached skill level 5 in Evocations
 20262 | Lair:5   | Found a runed translucent door.
 20263 | Lair:5   | Found a viscous altar of Jiyva.
 20269 | Lair:5   | Found a staircase to the Slime Pits.
 20270 | Lair:5   | Noticed an acid blob
 20443 | Lair:5   | Found a runed translucent door.
 20444 | Lair:5   | Noticed Josephine
 20480 | Lair:5   | Killed Josephine
 20846 | Lair:5   | Noticed SirDiesAlot's ghost (journeyman MiBe)
 20848 | Lair:5   | Identified the +1 trident "Gabetoed" {flame, Int+4}
 21581 | D:11     | Killed Urug
 22556 | D:10     | Reached skill level 10 in Invocations
 24591 | Lair:6   | Entered Level 6 of the Lair of Beasts
 26304 | Lair:6   | Noticed Kirke
 26321 | Lair:6   | Killed Kirke
 26322 | Lair:6   | Reached XP level 15. HP: 112/130 MP: 19/21
 26672 | Lair:6   | Reached skill level 10 in Dodging
 27759 | D:12     | Noticed Sonja
 27901 | D:12     | Killed Sonja
 29217 | D:12     | Noticed Azrael
 29522 | D:12     | Killed Azrael
 30155 | D:12     | Reached skill level 10 in Maces & Flails
 31069 | D:13     | Reached skill level 10 in Throwing
 31252 | D:13     | Noticed a storm dragon
 31265 | D:13     | Noticed a fire giant
 31268 | D:13     | Killed from afar by a storm dragon

Illustrated notes

Levels and vault maps discovered:
D:1:      mrwooster_arrival_statue_3, layout_loops_corners,
          hellmonk_ecumenical_altar_run_dry
D:2:      minmay_evil_eye, layout_loops_cross, minivault_11
D:3:      layout_basic, dk_vineyard_2, wander_ebering_terrifying_dragon_lair
D:4:      layout_basic, temple_hall
D:5:      layout_basic, minmay_increasing_density
D:6:      layout_loops_ring, mainiacjoe_overflow_catch_the_wave,
          kennysheep_generic_room_12
D:7:      layout_cave_pools, mainiacjoe_overflow_large_starburst, serial_park,
          serial_park_paths [serial_park_minivault_5x5_1],
          serial_park_tiny_pond, serial_park_square1
          [serial_park_minivault_5x5_5], serial_park_square1
          [serial_park_minivault_5x5_8]
D:8:      layout_loops_corners, due_lair_maze_entry_diamond, minmay_crossroads,
          uniq_pikel
D:9:      layout_basic, jmf_multi_god_temple2, orc_0_dummy, st_stairs_14,
          minmay_quadrilaterals
D:10:     layout_roguey, st_stairs_2, kennysheep_donut
D:11:     layout_basic, minmay_microvault, uniq_urug, uniq_grum
D:12:     layout_layer_cave, uniq_azrael, uniq_sonja
D:13:     layout_roguey, minmay_diamond_spiral
Temple:   nicolae_temple_x_marks_the_god
Lair:1:   layout_loops_ring, grunt_forest_large_clearing_hut,
          infiniplex_staircase_pool, grunt_megastairs_5
Lair:2:   layout_roguey, hellmonk_spider_entry_not_the_bees, special_room
          [special_room_bee], beast_lair_carwin_7
Lair:3:   layout_loops_ring
Lair:4:   layout_regular_city, minmay_shoals_entry_hut, basic_altar,
          infiniplex_staircase_pool_2, grunt_megastairs_1
Lair:5:   layout_roguey, slime_altar_2, ebering_ghost_funeral_grove,
          enter_volcano_2, uniq_josephine
Lair:6:   grunt_lair_end_beastmaster, layout_gridlike, serial_rivers,
          chequers_serial_rivers_small_a, chequers_serial_rivers_small_b,
          chequers_serial_rivers_room_b, chequers_serial_rivers_micro_c,
          chequers_serial_rivers_small_a, uniq_kirke

Skill      XL: |  1  2  3  4  5  6  7  8  9 10 11 12 13 14 15 |
---------------+----------------------------------------------+-----
Throwing       | 2 3 4 5 6 7 8 9 10 | 10.0
Maces & Flails | 3 4 5 6 7 8 9 10 | 10.0
Dodging        | 3 4 5 6 7 8 9 10 | 10.2
Fighting       | 3 4 5 6 7 8 9 10 11 | 11.8
Invocations    | 2 4 5 6 7 8 9 10 11 | 11.0
Armour         | 2 4 6 8 9 10 11 | 11.8
Shields        | 2 4 5 6 7 8 |  8.0
Evocations     | 1 3 4 6 |  6.5

Action                   |  1- 3 |  4- 6 |  7- 9 | 10-12 | 13-15 || total
-------------------------+-------+-------+-------+-------+-------++-------
Melee: Flail             |   125 |   219 |   252 |       |       ||   596
       Punch             |     2 |     4 |     6 |       |       ||    12
       Short sword       |       |    25 |    42 |   141 |       ||   208
       Morningstar       |       |       |    98 |   509 |   891 ||  1498
 Fire: Fustibalus        |       |       |       |       |     3 ||     3
Throw: Dart              |       |       |     6 |    13 |     4 ||    23
       Boomerang         |       |       |       |       |    10 ||    10
Invok: Lesser Servant of |       |       |       |     2 |    30 ||    32
  Use: Scroll            |       |       |     6 |     3 |     7 ||    16
       Potion            |       |       |       |       |     3 ||     3
 Stab: Distracted        |       |       |       |     1 |    11 ||    12
Armor: Leather armour    |    43 |       |       |       |       ||    43
       Ring mail         |    10 |    25 |       |       |       ||    35
       Chain mail        |       |   117 |   104 |   323 |   394 ||   938
       Steam dragon scal |       |       |    48 |       |       ||    48
       Fire dragon scale |       |       |       |       |     6 ||     6
Dodge: Dodged            |   104 |   139 |   329 |   578 |   590 ||  1740
Block: Buckler           |       |       |       |   211 |   271 ||   482

Table legend: (Time is in decaauts)
 A = Elapsed time spent in this place.
 B = Non-inter-level travel time spent in this place.
 C = Inter-level travel time spent in this place.
 D = Time resting spent in this place.
 E = Time spent auto-exploring this place.
 F = Levels seen in this place.
 G = Mean time per level.
                   A        B        C        D        E       F      G
               +--------+--------+--------+--------+--------+-----+--------+
         Total |  31653 |  30100 |   1553 |   3940 |  20032 |  21 | 1507.3 |
       Dungeon |  21066 |  19986 |   1080 |   2705 |  13576 |  13 | 1620.5 |
        Temple |     35 |     35 |      0 |      0 |     15 |   1 |   35.0 |
          Lair |  10049 |   9577 |    472 |   1216 |   6109 |   6 | 1674.8 |
       Volcano |    501 |    501 |      0 |     19 |    331 |   1 |  501.0 |
               +--------+--------+--------+--------+--------+-----+--------+

Top non-repeatable levels by time:
    D:11: 3815 daAuts
    D:12: 2336 daAuts
     D:8: 2214 daAuts
  Lair:6: 2197 daAuts
     D:5: 2035 daAuts
  Lair:5: 1849 daAuts
  Lair:2: 1761 daAuts
     D:9: 1745 daAuts
  Lair:4: 1742 daAuts
    D:10: 1739 daAuts
     D:6: 1456 daAuts
  Lair:1: 1323 daAuts
     D:1: 1267 daAuts
     D:3: 1241 daAuts
  Lair:3: 1176 daAuts
